Map: Catalyst LE

Players

LiquidTLO (TLO)

  • Race: Zerg Zerg
  • League: Grandmaster
  • Spawn Location: 11:00

YoGo

  • Race: Zerg Zerg
  • League: Grandmaster
  • Spawn Location: 5:00

Event: HomeStory Cup XVII

VOD

Have the link to the VOD?

Description

Time

  • Played on: June 28, 2018, 7:39 p.m.
  • Length: 6:06

All games in this series

Show
View Real Time Build Order
Export as new Build Order

LiquidTLO Zerg 

Build Orders: Pool First 

Get SALT Encoding   

  12  0:17  Spawning Pool  
  11  0:22  Drone  
  11  0:28  Drone  
  13  0:32  Drone  
  14  0:40  Overlord  
  14  1:04  Queen  
  14  1:05  Zergling x6  
  19  1:16  Zergling x2  
  20  1:27  Zergling x2  
  21  1:35  Hatchery  
  20  1:41  Zergling x2  
  21  1:51  Overlord  
  21  1:59  Drone  
  22  2:10  Drone  
  22  2:12  Drone x2  
  22  2:14  Drone  
  26  2:23  Drone  
  27  2:32  Drone  
  27  2:34  Queen  
  29  2:44  Drone  
  27  2:47  Drone  
  26  2:52  Queen  
  26  2:56  Zergling x2  
  29  3:02  Overlord  
  29  3:04  Extractor  
  28  3:07  Spine Crawler, Drone  
  28  3:09  Overlord  
  28  3:17  Overlord  
  28  3:19  Overlord  
  28  3:27  Drone  
  28  3:30  Drone  
  30  3:37  Drone  
  30  3:38  Spore Crawler  
  30  3:42  Drone  
  30  3:44  Drone x2  
  30  3:48  Drone x2  
  35  3:51  Drone  
  35  3:53  Drone  
  37  3:56  Drone  
  37  3:59  Drone  
  37  4:02  Drone  
  40  4:04  Drone  
  41  4:11  Metabolic Boost, Drone  
  41  4:14  Drone  
  41  4:16  Zergling x2  
  44  4:18  Zergling x4  
  44  4:22  Zergling x2  
  47  4:32  Hatchery  
  47  4:38  Zergling x2  
  47  4:39  Baneling Nest, Zergling x2  
  47  4:40  Zergling x2  
  47  4:43  Zergling x4  
  50  4:45  Zergling x2  
  50  4:47  Zergling x2  
  50  4:48  Zergling x2  
  53  4:57  Overlord  
  53  4:58  Zergling x4  
  55  5:00  Zergling x2  
  55  5:01  Overlord  
  55  5:03  Overlord  
  55  5:05  Zergling x2  
  57  5:10  Zergling x4  
  57  5:13  Zergling x2  
  60  5:18  Zergling x2  
  60  5:19  Queen  
  60  5:21  Zergling x2  
  64  5:24  Zergling x4  
  64  5:25  Baneling x4  
  66  5:30  Zergling x2  
  66  5:33  Zergling x2  
  66  5:35  Zergling x4  
  69  5:36  Zergling x2  
  69  5:38  Baneling  
  69  5:41  Zergling x2  
  69  5:44  Zergling x2  
  69  5:45  Zergling x2  
Show
View Real Time Build Order
Export as new Build Order

YoGo Zerg 

Build Orders: Hatch First 

Get SALT Encoding   

  12  0:01  Drone  
  13  0:14  Overlord  
  13  0:19  Drone  
  14  0:33  Drone x2  
  16  0:49  Hatchery  
  15  0:53  Drone  
  15  0:56  Drone  
  17  1:06  Extractor  
  16  1:12  Spawning Pool  
  16  1:14  Drone  
  16  1:19  Drone  
  16  1:23  Drone  
  18  1:30  Drone  
  19  1:43  Drone  
  20  1:51  Overlord  
  20  1:59  Queen  
  20  2:01  Queen  
  22  2:03  Zergling x2  
  22  2:04  Zergling x2  
  26  2:12  Spine Crawler  
  25  2:28  Zergling x2  
  25  2:29  Zergling x2  
  23  2:39  Zergling x2  
  21  2:49  Drone  
  21  2:53  Drone  
  21  2:58  Drone  
  23  3:06  Overlord  
  23  3:13  Overlord  
  23  3:25  Drone x3  
  26  3:28  Drone  
  26  3:31  Drone  
  27  3:36  Drone  
  27  3:37  Drone  
  27  3:40  Drone  
  30  3:43  Drone  
  30  3:47  Drone  
  31  3:50  Drone  
  31  3:53  Drone  
  33  4:04  Drone x2  
  35  4:10  Drone  
  35  4:13  Metabolic Boost  
  36  4:20  Overlord  
  36  4:28  Hatchery  
  36  4:29  Evolution Chamber  
  34  4:39  Drone x4  
  34  4:40  Drone  
  34  4:41  Roach Warren  
  34  4:42  Drone  
  39  4:47  Overlord  
  38  4:54  Overlord  
  38  5:05  Evolution Chamber  
  37  5:10  Overlord  
  37  5:22  Roach x3  
  37  5:26  Overlord x2  
  43  5:33  Roach x4  
  51  5:36  Roach  
  51  5:37  Spine Crawler  
  52  5:46  Roach x2  
Tags
 
Add a new tag
Caveats
  • Supply blocks, unpowered buildings, or Contaminate may cause inaccurate times.
  • Supply counts are checked every 10 seconds.